 Dungeon Crawl Stone Soup version 0.29.1-1-gd02db6906a (webtiles) character file.

Game seed: 14969551571891967314

39 lonewolfV2 the Trooper (level 3, -5/24 HPs)
             Began as a Gargoyle Berserker on Oct 16, 2022.
             Was a Follower of Trog.
             Slain by a worm (9 damage)
             ... on level 2 of the Dungeon.
             The game lasted 00:01:49 (1627 turns).

lonewolfV2 the Trooper (Gargoyle Berserker)         Turns: 1627, Time: 00:01:49

Health: -5/24      AC:  5    Str: 20    XL:     3   Next: 47%
Magic:  3/3        EV: 12    Int:  7    God:    Trog [*.....]
Gold:   34         SH:  0    Dex: 11    Spells: 2/2 levels left

rFire   . . .      SeeInvis .   a - +1 mace
rCold   . . .      Faith    .   (no shield)
rNeg    + . .      Spirit   .   b - +0 animal skin
rPois   ∞          Reflect  .   (no helmet)
rElec   +          Harm     .   (no cloak)
rCorr   .          Rampage  .   (no gloves)
Will    .....                   (no boots)
Stlth   +.........              (no amulet)
HPRegen 0.08/turn               (no ring)
MPRegen 0.08/turn               (no ring)

@: no status effects
A: sickness immunity, AC +3, negative energy resistance 1, electricity
resistance, torment resistance 1, petrification resistance
a: Renounce Religion, Berserk


You were on level 2 of the Dungeon.
You worshipped Trog.
Trog was aware of your devotion.
You visited 1 branch of the dungeon, and saw 2 of its levels.

You collected 34 gold pieces.

Inventory:

Hand Weapons
 a - a +1 mace (weapon)
Armour
 b - a +0 animal skin (worn)
Potions
 c - 3 potions of curing {unknown}
 e - 2 potions of attraction {unknown}


   Skills:
 + Level 3.7 Fighting
 + Level 3.4 Maces & Flails
 + Level 2.8 Armour
 + Level 2.0 Dodging


You had 2 spell levels left.
You didn't know any spells.
Your spell library was empty.

Dungeon Overview and Level Annotations

Branches:
Dungeon (2/15)

Altars:

Shops:
D:1 !


Innate Abilities, Weirdness & Mutations

You are immune to sickness and miasma.
Your stone body is resilient. (AC +3)
You are immune to poison.
You resist negative energy. (rN+)
You are resistant to electric shocks. (rElec)
You are resistant to unholy torment.
You are immune to petrification.


Message History

It is a scroll of enchant weapon.
Your +0 mace glows red for a moment.
Your surroundings suddenly seem different.
An adder comes into view.
Found two slings, a glowing emerald potion and 4 stones.
Found a stone staircase leading down.
A worm comes into view.
There is a stone staircase leading down here.
The adder hisses angrily.
The adder bites you but does no damage.
You see here a +0 sling.
You hit the adder.
The adder is lightly wounded.
The adder bites you but does no damage. The adder completely misses you.
You miss the adder.
The adder is lightly wounded.
The adder misses you.
You sock the adder!
The adder is severely wounded.
The adder bites you. The adder bites you but does no damage.
You hit the adder but do no damage.
The adder is severely wounded.
The adder bites you.
You sock the adder!
You kill the adder!
Trog accepts your kill. The worm bites you but does no damage.
You hit the worm.
The worm is lightly wounded.
The worm closely misses you.
You hit the worm.
The worm is lightly wounded.
You hit the worm.
The worm is moderately wounded.
The worm bites you!
* * * LOW HITPOINT WARNING * * *
You sock the worm!
The worm is severely wounded.
The worm bites you!
You die...

.... ####
#####..####
.....#..........
...#..........
............
#..........
#.>........
#..w....)..
#.)@.......
#.!........
##.######## #.#
..# ####


You could see a worm.

Vanquished Creatures
  An adder (D:2)
  A worm (D:2)
  An endoplasm (D:1)
  5 goblins (D:1)
  A hobgoblin (D:1)
  3 quokkas (D:1)
  5 ball pythons (D:1)
  2 bats (D:1)
  A frilled lizard (D:1)
  4 kobolds (D:1)
  A rat (D:1)
25 creatures vanquished.

Notes
Turn   | Place    | Note
-------+----------+-------------------------------------------
     0 | D:1      | lonewolfV2 the Gargoyle Berserker began the quest for the
                  | Orb.
     0 | D:1      | Reached XP level 1. HP: 14/14 MP: 1/1
   326 | D:1      | Reached XP level 2. HP: 14/19 MP: 2/2
   948 | D:1      | Found Duomuon's Distillery.
  1315 | D:1      | Reached XP level 3. HP: 22/23 MP: 3/3
  1627 | D:2      | Slain by a worm

Illustrated notes

Levels and vault maps discovered:
D:1:      dpeg_arrival_castle, layout_basic, serial_shops, shop
D:2:      layout_basic, uniq_jessica

Skill      XL: |  1  2  3 |
---------------+----------+-----
Dodging        | 2 |  2.0
Fighting       | |  3.7
Maces & Flails | |  3.4
Armour         | |  2.8

Action                   || total
-------------------------++-------
Melee: Mace              ||    75
  Use: Scroll            ||     2
Armor: Animal skin       ||    23
Dodge: Dodged            ||    61
